 Dungeon Crawl Stone Soup version 0.19-a0-1035-gdbfb0c6 (webtiles) character file.

816 HAL9000 the Cutter (level 7, 0/37 HPs)
             Began as a Vine Stalker Enchanter on July 29, 2016.
             Slain by an orc
             ... wielding a +0 trident
              (6 damage)
             ... on level 5 of the Dungeon.
             The game lasted 00:11:11 (4146 turns).

HAL9000 the Cutter (Vine Stalker Enchanter)         Turns: 4146, Time: 00:11:11

Health: 0/37       AC: -3    Str: 13    XL:     7   Next: 94%
Magic:  0/11       EV: 12    Int: 15    God:
Gold:   219        SH:  0    Dex: 14    Spells: 4 memorised, 1 level left

rFire  . . .     SeeInvis .     a - +1 dagger
rCold  . . .     Gourm    .     b - +1 robe
rNeg   + . .     Faith    .     (no shield)
rPois  .         Spirit   +     (no helmet)
rElec  .         Dismiss  .     l - +0 cloak
rCorr  .         Reflect  .     I - +0 pair of gloves
SustAt .         Harm     .     (no boots)
MR     .....                    (no amulet)
Stlth  ++........               (no ring)
                                A - ring of positive energy

@: lethally poisoned (0 -> 0), corroded, very slightly contaminated, not
resistant to hostile enchantments, unstealthy
A: fangs 2, regeneration 2, magic shield, antimagic bite, no device heal 3, rot
immunity
a: no special abilities


You were on level 5 of the Dungeon.
You were not hungry.

You visited 1 branch of the dungeon, and saw 5 of its levels.

You collected 277 gold pieces.
You spent 58 gold pieces at shops.

Inventory:

Hand Weapons
 a - a +1 dagger (weapon)
Armour
 b - a +1 robe (worn)
 l - a +0 cloak (worn)
 r - a cursed +0 shield
 I - a +0 pair of gloves (worn)
Jewellery
 A - a ring of positive energy (left hand)
Wands
 G - a wand of slowing (16/48)
Scrolls
 e - 4 scrolls of identify {unknown}
 f - a scroll of immolation {unknown}
 i - 6 scrolls of remove curse {unknown}
 m - 2 scrolls of enchant armour {unknown}
 n - 2 scrolls of teleportation {unknown}
 p - a scroll of blinking {unknown}
 q - 2 scrolls of fear {unknown}
 u - 2 scrolls of recharging {unknown}
 x - a scroll of random uselessness {unknown}
 y - a scroll of magic mapping {unknown}
 C - a scroll of enchant weapon {unknown}
 F - a scroll of fog {unknown}
Potions
 k - 4 potions of degeneration {unknown}
 o - a potion of invisibility {unknown}
 s - 2 potions of curing {unknown}
 v - a potion of heal wounds {unknown}
 E - a potion of agility {unknown}
Books
 c - a book of Maledictions

   Spells                             Type                      Level
   a - Corona                         Hexes                        1
   b - Ensorcelled Hibernation        Hexes/Ice                    2
   c - Confuse                        Hexes                        3
   d - Tukima's Dance                 Hexes                        3
   e - Dazzling Spray                 Conjuration/Hexes            3
Comestibles
 d - 4 bread rations
 h - a royal jelly
 j - 2 fruits
 J - 8 chunks of flesh


   Skills:
 - Level 4.2 Fighting
 * Level 6.2 Short Blades
 - Level 1.5 Dodging
 - Level 3.6 Stealth
 - Level 2.1 Spellcasting
 + Level 3.3 Hexes


You had one spell level left.
You knew the following spells:

 Your Spells              Type           Power        Failure   Level  Hunger
a - Corona                Hex            ##.....      8%          1    #......
b - Tukima's Dance        Hex            ##......     21%         3    ###....
x - Confuse               Hex            ##......     21%         3    ###....
z - Ensorcelled Hibernat  Hex/Ice        #.....       17%         2    ###....


Dungeon Overview and Level Annotations

Branches:
Dungeon (5/15)
 Temple: D:4-7

Altars:
Ashenzari
Cheibriados
Makhleb
Vehumet

Shops:
D:4 [([(

Annotations:
D:5 Ajdolov's ghost, novice MiMo


Innate Abilities, Weirdness & Mutations

You have extremely sharp teeth.
You heal very quickly.
When hurt, damage is shared between your health and your magic reserves.
Your bite disrupts and absorbs the magic of your enemies.
Potions and wands cannot restore your health.
You are immune to rotting.


Message History

Aim: a jelly (chance to defeat MR: 47%)
The jelly resists with some effort.
You feel sick.
You hit the jelly. The acid corrodes you!
Your hands burn!
You bite the jelly. You drain its power.
You feel invigorated.
The jelly is heavily wounded.
The jelly barely misses you. The orc closely misses you.
You hit the jelly.
Your hands burn!
You bite the jelly. You drain its power.
The jelly is almost dead.
The jelly barely misses you.
You completely miss the jelly. Your bite misses the jelly.
The jelly is almost dead.
The orc hits you from afar with a trident.
The jelly hits you.
You are splashed with acid!
The acid corrodes you!
The acid burns!
* * * LOW HITPOINT WARNING * * *
You hit the jelly but do no damage.
Your hands burn!
* * * LOW HITPOINT WARNING * * *
The jelly is almost dead.
The orc hits you from afar with a trident!
You die...

## #.. #.# #.#
#######.# #.......#
#######
####.......###.......
..........oJ@.#
#.......###.#
#..<....# .#
#.......# .#
#.......# .[
####.#### .# #.# .#
#.# .. #.#


You could see a jelly and an orc.

Vanquished Creatures
  Purgy (D:4)
  2 phantoms
  2 ogres (D:4)
  A scorpion (D:3)
  A crimson imp (D:3)
  A centaur skeleton (D:4)
  3 iguanas (D:4)
  An orc wizard (D:4)
  A worker ant (D:5)
  A howler monkey zombie (D:3)
  2 adders (D:2)
  5 oozes
  A worm (D:4)
  4 dart slugs
  2 giant geckos
  13 orcs
  A ball python (D:4)
  3 bats
  A giant cockroach (D:3)
  8 goblins
  9 hobgoblins
  4 jackals (D:2)
  6 kobolds
  A quokka (D:2)
  9 giant newts
  11 rats
94 creatures vanquished.

Notes
Turn   | Place    | Note
-------+----------+-------------------------------------------
     0 | D:1      | HAL9000 the Vine Stalker Enchanter began the quest for the Orb.
     0 | D:1      | Reached XP level 1. HP: 9/9 MP: 4/4
    61 | D:1      | Reached skill level 1 in Short Blades
    71 | D:1      | Reached XP level 2. HP: 8/14 MP: 6/6
    99 | D:1      | Learned a level 2 spell: Ensorcelled Hibernation
   144 | D:1      | Reached skill level 1 in Fighting
   458 | D:1      | Reached XP level 3. HP: 16/18 MP: 7/7
   463 | D:1      | Learned a level 3 spell: Confuse
   877 | D:1      | Reached skill level 2 in Short Blades
  1271 | D:2      | Reached XP level 4. HP: 15/23 MP: 5/8
  1843 | D:3      | Reached skill level 3 in Short Blades
  1876 | D:3      | Reached XP level 5. HP: 27/27 MP: 9/9
  1916 | D:3      | Noticed a phantom
  1962 | D:3      | Killed a phantom
  1962 | D:3      | Reached skill level 4 in Short Blades
  1962 | D:3      | Gained mutation: You heal very quickly. [Vine Stalker growth]
  1962 | D:3      | Reached XP level 6. HP: 29/32 MP: 8/10
  1979 | D:3      | Found a shattered altar of Ashenzari.
  2190 | D:3      | Found a radiant altar of Vehumet.
  2191 | D:3      | Found a burning altar of Makhleb.
  2436 | D:3      | Found a snail-covered altar of Cheibriados.
  2800 | D:4      | Learned a level 3 spell: Tukima's Dance
  3083 | D:4      | Noticed Purgy
  3126 | D:4      | Killed Purgy
  3126 | D:4      | Reached skill level 5 in Short Blades
  3126 | D:4      | Reached XP level 7. HP: 37/37 MP: 3/11
  3537 | D:4      | Found Eghud's Weapon Shoppe.
  3538 | D:4      | Found Huimal's Antique Weapon Shoppe.
  3538 | D:4      | Found Wuridghehupt's Armour Shoppe.
  3538 | D:4      | Found Wesiholu's Antique Armour Shoppe.
  3551 | D:4      | Bought a +0 pair of gloves for 58 gold pieces
  3953 | D:4      | Reached skill level 6 in Short Blades
  3964 | D:5      | Entered Level 5 of the Dungeon
  3975 | D:5      | Noticed Ajdolov's ghost (novice MiMo)
  4146 | D:5      | Slain by an orc

Vault maps used:
D:1:      dpeg_arrival_lava_temple_mockup
D:3:      grunt_temple_overflow_lords_of_destruction, marbit_many_paths,
          first_bread, ashenzari_altar_1
D:4:      corexii_hall_statues_s, minmay_shop_grid_forest, moated_statue,
          minmay_checkerbox, uniq_purgy
D:5:      lemuel_coloured_pillars_altar, tso_metal_star, uniq_prince_ribbit1

Skill      XL: |  1  2  3  4  5  6  7 |
---------------+----------------------+-----
Short Blades   | 1 2 3 4 5 6 |  6.2
Fighting       | 1 2 3 4 |  4.2
Dodging        | |  1.5
Stealth        | |  3.6
Spellcasting   | |  2.1
Hexes          | |  3.3

Action                   |  1- 3 |  4- 6 |  7- 9 || total
-------------------------+-------+-------+-------++-------
Melee: Dagger            |   104 |   178 |    80 ||   362
       Bite              |    19 |    46 |    28 ||    93
 Cast: Ensorcelled Hiber |       |    15 |    11 ||    26
       Confuse           |       |     4 |     3 ||     7
 Stab: Sleeping          |     8 |    19 |     8 ||    35
       Confused          |       |     1 |     2 ||     3
  Eat: Chunk             |       |     8 |     6 ||    14
Armor: Robe              |    18 |    15 |    22 ||    55
Dodge: Dodged            |    56 |    78 |    44 ||   178
